[Event "Titled Tuesday Blitz November 22 Early 2022"]
[White "Nakamura, Hikaru"]
[Black "Grandelius, Nils"]
[WhiteFideId "2016192"]
[BlackFideId "1710400"]
[WhiteElo "2909"]
[BlackElo "2617"]
[Result "1-0"]
[Round "07"]
[TimeControl "180+1"]
[Date "2022.11.22"]
[WhiteClock "0:00:16"]
[BlackClock "0:00:02"]

1. Nf3 d5 2. e3 c5 3. b3 g6 4. Bb2 Nf6 5. Bxf6 exf6 6. c3 Bd6 7. d4 O-O 8. Be2 Nc6 9. O-O Re8 10. a3 Bf5 11. Nbd2 cxd4 12. cxd4 Qe7 13. b4 a5 14. b5 Na7 15. Qb3 Be6 16. Ne1 Nc8 17. b6 a4 18. Qb2 Qd8 19. Rb1 Qe7 20. Ra1 Qd8 21. Nd3 Nxb6 22. Nc5 Bxc5 23. dxc5 Nd7 24. Bb5 Re7 25. Bxd7 Rxd7 26. Nf3 Rc7 27. Rfc1 Qc8 28. Qb4 Bd7 29. h3 Kg7 30. Nd4 Bc6 31. Rab1 h5 32. Qc3 Bd7 33. Rb6 Bc6 34. Ne2 Qd8 35. Qd4 Qe7 36. Qb4 Qe5 37. Nd4 Rac8 38. Rb1 Bd7 39. Rxb7 Rxb7 40. Qxb7 Bf5 41. c6 Rc7 42. Nxf5+ Qxf5 43. Qxc7 Qxb1+ 44. Kh2 Qe4 45. Qf4 Qc4 46. Qxc4 dxc4 47. c7 1-0


[Site "https://www.chess.com"]

[Event "Titled Tuesday Blitz November 22 Early 2022"]
[White "Odinaev, Timur"]
[Black "Miszler, Levente"]
[WhiteFideId "4163770"]
[BlackFideId "763276"]
[WhiteElo "2306"]
[BlackElo "2176"]
[Result "0-1"]
[Round "07"]
[TimeControl "180+1"]
[Date "2022.11.23"]
[WhiteClock "0:00:14"]
[BlackClock "0:01:04"]

1. e4 e6 2. d4 d5 3. e5 c5 4. Nf3 Nc6 5. Bd3 cxd4 6. O-O f6 7. Bf4 fxe5 8. Nxe5 Nxe5 9. Bxe5 Nf6 10. Nd2 Bd6 11. f4 O-O 12. Qe2 Qc7 13. Nf3 Bd7 14. Rae1 Rae8 15. Ng5 h6 16. Nf3 Ne4 17. Bxe4 dxe4 18. Qxe4 Bxe5 19. Nxe5 Bb5 20. Rf3 Rf6 21. Ng4 Rf5 22. Rg3 Qxf4 23. Qxf4 Rxf4 24. Nxh6+ Kh7 25. Ng4 Ref8 26. h3 Rf1+ 27. Rxf1 Rxf1+ 28. Kh2 Rc1 29. Rb3 Bc6 30. Ne5 Rxc2 31. Nxc6 bxc6 32. Kg3 e5 33. Kf3 c5 34. Rb7 c4 35. g4 d3 36. Ke3 Re2+ 37. Kf3 Rxb2 38. Rxb2 c3 39. Rb3 c2 0-1


[Site "https://www.chess.com"]

[Event "Titled Tuesday Blitz November 22 Early 2022"]
[White "Omariev, Maksim"]
[Black "Makhmudov, Shukhrat"]
[WhiteFideId "4193423"]
[BlackFideId "14200775"]
[WhiteElo "2439"]
[BlackElo "2135"]
[Result "0-1"]
[Round "07"]
[TimeControl "180+1"]
[Date "2022.11.23"]
[WhiteClock "0:00:13"]
[BlackClock "0:00:20"]

1. g4 d5 2. Bg2 Bxg4 3. c4 c6 4. Qb3 Qb6 5. cxd5 Qxb3 6. axb3 cxd5 7. Bxd5 Nc6 8. Nc3 e6 9. Bg2 a6 10. Nf3 Nf6 11. d3 h6 12. Bf4 O-O-O 13. Ne5 Nxe5 14. Bxe5 Bb4 15. Ra4 a5 16. h3 Bh5 17. Rg1 Rhg8 18. Kd2 Nd7 19. Bh2 Nb6 20. Raa1 Nd5 21. e4 Nc7 22. Kc2 b6 23. Bf4 Bc5 24. Be3 Bd4 25. Ra4 e5 26. h4 f6 27. Bh3+ Kb7 28. b4 Be8 29. Ra2 axb4 30. Bxd4 exd4 31. Nd5 Nxd5 32. exd5 Bf7 33. Rga1 b3+ 34. Kxb3 Bxd5+ 35. Kb4 Bxa2 36. Rxa2 Rge8 37. Bg2+ Kc7 38. Ra7+ Kd6 39. Be4 Rxe4 40. dxe4 Ke5 41. Kc4 d3 42. Re7+ Kf4 43. Rxg7 d2 44. Rg1 d1=Q 45. Rxd1 Rxd1 46. b4 Kxe4 47. Kb5 Rb1 48. Kxb6 Rxb4+ 49. Kc6 Kf3 50. h5 Rh4 51. Kd6 Rxh5 52. Ke6 Rg5 53. Kxf6 Kxf2 54. Kf7 h5 55. Kf6 Ra5 56. Kg6 h4 57. Kf6 h3 58. Kg6 h2 59. Kf7 h1=Q 60. Kg7 Qc6 61. Kg8 Ra7 0-1


[Site "https://www.chess.com"]

[Event "Titled Tuesday Blitz November 22 Early 2022"]
[White "Orlov, Georgi"]
[Black "Kilic, Eray"]
[WhiteFideId "2011271"]
[BlackFideId "44517173"]
[WhiteElo "2544"]
[BlackElo "2328"]
[Result "1/2-1/2"]
[Round "07"]
[TimeControl "180+1"]
[Date "2022.11.23"]
[WhiteClock "0:00:04"]
[BlackClock "0:00:04"]

1. d4 Nf6 2. Nf3 g6 3. c4 Bg7 4. Nc3 d5 5. Qb3 dxc4 6. Qxc4 O-O 7. e4 a6 8. e5 b5 9. Qb3 Nfd7 10. e6 fxe6 11. Ng5 Nb6 12. Nxe6 Bxe6 13. Qxe6+ Kh8 14. Be3 N8d7 15. Rd1 Nf6 16. Be2 Qd6 17. Qb3 Nbd5 18. Bf3 c6 19. O-O Rad8 20. Rfe1 Rd7 21. Bg5 Nxc3 22. bxc3 Nd5 23. Bxd5 cxd5 24. Rd3 e6 25. Rde3 Re8 26. Qd1 Rf7 27. Qe2 Ref8 28. f3 Qc6 29. Qd3 Rc7 30. Bh4 Re8 31. Bg3 Rcc8 32. h4 Bh6 33. Be5+ Kg8 34. f4 Qc4 35. Qd2 Rf8 36. Rg3 Rf5 37. Ree3 Rcf8 38. Ref3 Rxe5 39. dxe5 Bxf4 40. Qf2 Bh6 41. Rxf8+ Bxf8 42. Re3 Bc5 43. g3 a5 44. Kh2 Bxe3 45. Qxe3 b4 46. Qb6 Qe2+ 47. Kh3 Qf1+ 48. Kh2 Qe2+ 49. Kh3 Qxe5 50. cxb4 Qf5+ 51. Kh2 Qc2+ 52. Kh3 Qf5+ 53. Kh2 axb4 54. Qxb4 Qf2+ 55. Kh3 Qf5+ 56. Kh2 Qc2+ 57. Kh3 Qxa2 58. Qb8+ Kf7 59. Qc7+ Kf6 60. Qf4+ Ke7 61. Qc7+ Ke8 62. Qc8+ Kf7 63. Qc7+ Kf8 64. Qc8+ Kg7 65. Qc7+ Kg8 66. Qc8+ Kf7 67. Qc7+ 1/2-1/2


[Site "https://www.chess.com"]

[Event "Titled Tuesday Blitz November 22 Early 2022"]
[White "Osmak, Yuliia"]
[Black "Caruana, Fabiano"]
[WhiteFideId "14101602"]
[BlackFideId "2020009"]
[WhiteElo "2328"]
[BlackElo "2847"]
[Result "0-1"]
[Round "07"]
[TimeControl "180+1"]
[Date "2022.11.22"]
[WhiteClock "0:00:02"]
[BlackClock "0:00:38"]

1. d4 Nf6 2. c4 Nc6 3. Nc3 e5 4. d5 Ne7 5. e4 Ng6 6. h4 h5 7. g3 Bb4 8. Bg5 Bxc3+ 9. bxc3 d6 10. Bh3 Bxh3 11. Nxh3 Qd7 12. Bxf6 gxf6 13. Qf3 Ke7 14. Ng1 Qa4 15. Qd3 Rag8 16. Nf3 Nf8 17. Nd2 Nd7 18. Nf1 Nc5 19. Qe2 Kd7 20. f3 Kc8 21. Kf2 f5 22. exf5 e4 23. fxe4 Rg4 24. Nd2 Qc2 25. Rhe1 Nd3+ 26. Kf3 Nxe1+ 27. Rxe1 Rhg8 28. Nf1 Qxc3+ 29. Qe3 Qxc4 30. Qxa7 b6 31. Qa3 Kb7 32. Kf2 Qd4+ 33. Qe3 Rxe4 34. Qxd4 Rxd4 35. Re7 Rxd5 36. Rxf7 Ra8 37. Ne3 Rxa2+ 38. Kf3 Ra3 39. Re7 Rxf5+ 40. Ke4 Rc5 0-1


[Site "https://www.chess.com"]

[Event "Titled Tuesday Blitz November 22 Early 2022"]
[White "Ostrovskiy, Aleksandr"]
[Black "Gheorghiu, Calin"]
[WhiteFideId "2034239"]
[BlackFideId "1200305"]
[WhiteElo "2340"]
[BlackElo "2225"]
[Result "0-1"]
[Round "07"]
[TimeControl "180+1"]
[Date "2022.11.23"]
[WhiteClock "0:00:13"]
[BlackClock "0:01:09"]

1. d4 Nf6 2. Bf4 d5 3. e3 c6 4. c4 Qb6 5. Qb3 Qxb3 6. axb3 Na6 7. Nc3 Nb4 8. Ra4 a5 9. Bc7 Bf5 10. Bxa5 Nd3+ 11. Bxd3 Bxd3 12. cxd5 Nxd5 13. Nxd5 cxd5 14. Kd2 Bb5 15. Ra3 e6 16. b4 b6 17. Kc3 bxa5 18. Rxa5 Rxa5 19. bxa5 Bf1 20. h4 Bd6 21. a6 Bxg2 22. a7 Kd7 0-1


[Site "https://www.chess.com"]

[Event "Titled Tuesday Blitz November 22 Early 2022"]
[White "Ovchinnikov, Vsevolod"]
[Black "Farmani Anosheh, Armin"]
[WhiteFideId "24176842"]
[BlackFideId "24613240"]
[WhiteElo "2376"]
[BlackElo "2289"]
[Result "0-1"]
[Round "07"]
[TimeControl "180+1"]
[Date "2022.11.23"]
[WhiteClock "0:00:01"]
[BlackClock "0:00:09"]

1. d4 d5 2. c4 e6 3. Nf3 Nf6 4. g3 Bb4+ 5. Bd2 Be7 6. Qc2 O-O 7. Bg2 c6 8. O-O b6 9. Bf4 Bb7 10. Nbd2 Nbd7 11. e4 dxe4 12. Nxe4 Nxe4 13. Qxe4 Nf6 14. Qc2 c5 15. Rad1 Qc8 16. Be5 Be4 17. Qe2 Qb7 18. Rfe1 Bc6 19. dxc5 bxc5 20. Nh4 Rfd8 21. Bxc6 Qxc6 22. Qf3 Qxf3 23. Nxf3 h6 24. Kf1 Kf8 25. Bc7 Rxd1 26. Rxd1 Rc8 27. Ba5 Ke8 28. Ne5 Rb8 29. b3 Rc8 30. f3 Ng8 31. Ke2 Bf6 32. Nd3 Ne7 33. g4 Nc6 34. Bd2 Nd4+ 35. Kf2 Bh4+ 36. Kg2 Be7 37. Be3 Rd8 38. Bxd4 Rxd4 39. Kf2 Bf6 40. Ke2 Be7 41. h3 Bd6 42. Nf2 Rxd1 43. Kxd1 f5 44. Ke2 Kf7 45. Ke3 Kf6 46. f4 g5 47. fxg5+ hxg5 48. Nd3 Bh2 49. Kf2 Bd6 50. Kf3 Kg6 51. Nf2 Kf6 52. Nd3 Be7 53. Ke3 Bf8 54. Kf3 Bd6 55. Kf2 Ke7 56. Ke3 Kd7 57. Kf3 Kc6 58. Nf2 Kb6 59. Nd3 Ka5 60. Ke3 Kb6 61. Kf3 Kc6 62. Nf2 Be5 63. Nd1 Bd4 64. Ke2 Kd6 65. Kf3 Ke5 66. a3 a5 67. Ke2 Ke4 68. a4 f4 0-1


[Site "https://www.chess.com"]

[Event "Titled Tuesday Blitz November 22 Early 2022"]
[White "Palacio,Igor Da Paz"]
[Black "Vargas, Mauricio"]
[WhiteFideId "2121140"]
[BlackFideId "4404572"]
[WhiteElo "2126"]
[BlackElo "2025"]
[Result "1-0"]
[Round "07"]
[TimeControl "180+1"]
[Date "2022.11.23"]
[WhiteClock "0:01:08"]
[BlackClock "0:00:08"]

1. e4 c5 2. Nc3 d6 3. g3 Nf6 4. Bg2 a6 5. d3 Nc6 6. f4 e5 7. Nf3 Be7 8. O-O Bg4 9. h3 Bxf3 10. Qxf3 Nd4 11. Qf2 Rb8 12. Nd5 b5 13. g4 c4 14. fxe5 dxe5 15. g5 Bc5 16. Be3 Ne2+ 17. Qxe2 Bxe3+ 18. Qxe3 Nxd5 19. exd5 O-O 20. Qxe5 Re8 21. Qg3 Re2 22. Rf2 Re7 23. Raf1 cxd3 24. Qxd3 Qb6 25. Kh1 Rd8 26. a3 Rde8 27. b3 1-0


[Site "https://www.chess.com"]

[Event "Titled Tuesday Blitz November 22 Early 2022"]
[White "Papasimakopoulos, Alexandros"]
[Black "Unat, Can Haktan"]
[WhiteFideId "4244125"]
[BlackFideId "6398073"]
[WhiteElo "2365"]
[BlackElo "2146"]
[Result "1/2-1/2"]
[Round "07"]
[TimeControl "180+1"]
[Date "2022.11.23"]
[WhiteClock "0:00:08"]
[BlackClock "0:00:08"]

1. d4 d5 2. c4 dxc4 3. Nf3 Nf6 4. e3 a6 5. Bxc4 b5 6. Bd3 Bb7 7. a4 b4 8. O-O Nbd7 9. Nbd2 e6 10. b3 c5 11. Bb2 Be7 12. Qe2 O-O 13. Rac1 Nd5 14. Rfd1 Bf6 15. Ne4 cxd4 16. Nxf6+ Qxf6 17. Nxd4 Qh6 18. Nc6 Rac8 19. Na5 Rxc1 20. Rxc1 Ba8 21. Bxa6 Qg6 22. Bb7 Nc3 23. Bxc3 bxc3 24. Rxc3 Qf5 25. b4 Qb1+ 26. Qf1 Qxb4 27. Rc7 Qxa5 28. Rxd7 Qxa4 29. Rc7 Qa7 30. Qb1 Rb8 31. Rc8+ Rxc8 32. Bxc8 Qc7 33. Ba6 g6 34. Bf1 Qe5 35. Qd1 Bd5 36. Qa4 Kg7 37. h3 h5 38. Qa3 Qf6 39. Qa4 g5 40. Be2 Kh6 41. Qa5 h4 42. Qa3 Kg7 43. Qc1 Qe5 44. Bf3 Bb3 45. Qb1 Bc4 46. Qc1 Bd3 47. Qa3 Bf5 48. Qa7 Qc3 49. Qd4+ Qxd4 50. exd4 Kf6 51. Kf1 Bd3+ 52. Ke1 Kf5 53. Kd2 Be4 54. Ke3 Bxf3 55. Kxf3 f6 56. g3 hxg3 57. fxg3 Kg6 58. Ke4 Kf7 59. g4 Ke7 60. d5 exd5+ 61. Kxd5 Kd7 62. Kd4 Kd6 63. Ke4 Ke6 64. Kd4 f5 65. gxf5+ Kxf5 66. Ke3 Ke5 67. Kf3 Kf5 68. Kg3 Kg6 69. h4 gxh4+ 70. Kxh4 1/2-1/2


[Site "https://www.chess.com"]

[Event "Titled Tuesday Blitz November 22 Early 2022"]
[White "Paravyan, David"]
[Black "Goltsev, Dmitry"]
[WhiteFideId "4194985"]
[BlackFideId "24176710"]
[WhiteElo "2546"]
[BlackElo "2289"]
[Result "1-0"]
[Round "07"]
[TimeControl "180+1"]
[Date "2022.11.22"]
[WhiteClock "0:00:14"]
[BlackClock "0:00:07"]

1. e4 e6 2. d4 d5 3. Nc3 c5 4. exd5 exd5 5. Nf3 Nf6 6. Bb5+ Nc6 7. O-O Be7 8. dxc5 Bxc5 9. Bg5 Be6 10. Nd4 O-O 11. Nxc6 bxc6 12. Bxc6 Rc8 13. Bxd5 Bxd5 14. Bxf6 Qxf6 15. Qxd5 Rfd8 16. Qb7 Rb8 17. Qe4 Rd2 18. Kh1 Rxb2 19. Na4 Rb4 20. Nxc5 Rxe4 21. Nxe4 Qd4 22. Nxd2 Qxd2 23. Rfd1 Qa5 24. c4 h5 25. Rac1 Qc5 26. Kg1 h4 27. h3 g5 28. Rd5 Qa3 29. Rxg5+ Kf8 30. Rd1 Qxa2 31. c5 Qc2 32. Rgd5 a5 33. c6 a4 34. Ra1 Qxc6 35. Ra5 Qc3 36. R5xa4 Kg7 37. Rg4+ Kf8 38. Rf1 Qf6 39. Re1 Qc3 40. Rge4 f5 41. R4e3 Qb4 42. Rf1 Kf7 43. Rf3 Kf6 44. Rd1 Qa4 45. Rd5 Qa1+ 46. Kh2 Qb1 47. Rdxf5+ Kg6 48. Rf6+ Kg5 49. R3f5+ Qxf5 50. Rxf5+ Kxf5 51. Kg1 Kf4 52. Kf1 Ke4 53. Ke2 Kf4 54. Kd3 Kf5 55. Ke3 Ke5 56. Kf3 Kf5 57. g4+ Ke5 58. Ke3 1-0


[Site "https://www.chess.com"]

[Event "Titled Tuesday Blitz November 22 Early 2022"]
[White "Petrova, Irina"]
[Black "Safin, Robert"]
[WhiteFideId "14124122"]
[BlackFideId "34189120"]
[WhiteElo "2023"]
[BlackElo "2253"]
[Result "0-1"]
[Round "07"]
[TimeControl "180+1"]
[Date "2022.11.23"]
[WhiteClock "0:00:30"]
[BlackClock "0:00:41"]

1. e4 e6 2. d4 d5 3. Nc3 dxe4 4. Nxe4 Nd7 5. Nf3 Ngf6 6. Bg5 h6 7. Bxf6 Nxf6 8. Bd3 Nxe4 9. Bxe4 c5 10. Qe2 cxd4 11. O-O-O Qa5 12. Kb1 Bd7 13. Nxd4 O-O-O 14. Qf3 Qb6 15. Nb3 f5 16. Bd3 Bd6 17. Rhe1 Rhf8 18. Bf1 Kb8 19. a4 a6 20. a5 Qc7 21. g3 e5 22. Qe2 e4 23. f3 Rfe8 24. fxe4 Rxe4 25. Qd2 Rxe1 26. Qxe1 f4 27. gxf4 Bxf4 28. h3 Bf5 29. Qf2 Rxd1+ 0-1


[Site "https://www.chess.com"]

[Event "Titled Tuesday Blitz November 22 Early 2022"]
[White "Pham, Khoi"]
[Black "Piesik, Piotr"]
[WhiteFideId "1054988"]
[BlackFideId "1136194"]
[WhiteElo "2464"]
[BlackElo "2316"]
[Result "1/2-1/2"]
[Round "07"]
[TimeControl "180+1"]
[Date "2022.11.23"]
[WhiteClock "0:00:13"]
[BlackClock "0:00:14"]

1. e4 g6 2. d4 Bg7 3. Nf3 c6 4. Nc3 d6 5. h3 Nf6 6. Bd3 O-O 7. O-O b5 8. Re1 b4 9. Ne2 Nbd7 10. c3 a5 11. Ng3 e5 12. Be3 Qc7 13. Rc1 Bb7 14. Qd2 bxc3 15. Rxc3 exd4 16. Nxd4 Ne5 17. Bb1 Ba6 18. Rec1 c5 19. f4 Ned7 20. Ra3 Rfb8 21. Nf3 Bb7 22. Rd1 Ne8 23. e5 d5 24. Ng5 d4 25. Bf2 h6 26. N5e4 Bd5 27. Rc1 Qb7 28. Nxc5 Nxc5 29. Rxc5 Qxb2 30. Qxb2 Rxb2 31. Bd3 Rxa2 32. Rxa2 Bxa2 33. Bxd4 Bf8 34. Rc1 a4 35. Be4 Rd8 36. Ba1 Bb3 37. f5 g5 38. f6 Rd1+ 39. Rxd1 Bxd1 40. Bc6 Nc7 41. Nf5 a3 42. Kf2 Bc2 43. Ne7+ Kh7 44. Ke3 Ne6 45. Kd2 Bb1 46. Kc1 a2 47. Bd5 h5 48. Bxe6 fxe6 49. Nc6 Kg6 50. Nd4 Kf7 51. Ne2 Bb4 52. Nc3 Bxc3 53. Bxc3 Kg6 54. Kb2 Kf7 55. Bd2 g4 56. hxg4 hxg4 57. g3 Kg6 58. Bf4 Kf7 59. Ka1 Kg6 60. Kb2 Kf7 61. Ka1 Kg6 62. Kb2 1/2-1/2


[Site "https://www.chess.com"]

[Event "Titled Tuesday Blitz November 22 Early 2022"]
[White "Pranav Anand"]
[Black "Diaz Rosas, Julio Cesar"]
[WhiteFideId "46626786"]
[BlackFideId "5105099"]
[WhiteElo "2402"]
[BlackElo "2246"]
[Result "1-0"]
[Round "07"]
[TimeControl "180+1"]
[Date "2022.11.23"]
[WhiteClock "0:00:17"]
[BlackClock "0:00:01"]

1. Nf3 d5 2. g3 Nf6 3. Bg2 Nbd7 4. d4 c5 5. c3 g6 6. O-O Bg7 7. Bf4 O-O 8. Qc1 Re8 9. Na3 a6 10. Ne5 e6 11. Rd1 cxd4 12. cxd4 Nxe5 13. Bxe5 Bd7 14. Qc3 Rc8 15. Qb3 b5 16. Rac1 Qb6 17. h4 h5 18. Qf3 Ne4 19. Bxg7 Kxg7 20. Qe3 Nd6 21. Qe5+ f6 22. Qf4 b4 23. Nb1 Bb5 24. e3 a5 25. Nd2 Be2 26. Rxc8 Rxc8 27. Re1 Bd3 28. Nb3 Nf7 29. e4 dxe4 30. Bxe4 Bxe4 31. Qxe4 Re8 32. Nc5 e5 33. Qd5 Re7 34. dxe5 Nxe5 35. Kg2 Qa7 36. Ne6+ Kh7 37. Nc5 Ng4 38. Rxe7+ Qxe7 39. Qb7 Qg7 40. a4 Ne5 41. Qxg7+ Kxg7 42. Nb7 Nd3 43. b3 Kf7 44. Nxa5 Nc5 45. Kf3 Ke6 46. g4 Kd5 47. gxh5 gxh5 48. Kf4 Ke6 49. Nc6 Nxb3 50. Nxb4 Nc5 51. a5 1-0


[Site "https://www.chess.com"]

[Event "Titled Tuesday Blitz November 22 Early 2022"]
[White "Pranav, V"]
[Black "Ajay, Karthikeyan"]
[WhiteFideId "25060783"]
[BlackFideId "35011685"]
[WhiteElo "2430"]
[BlackElo "2337"]
[Result "0-1"]
[Round "07"]
[TimeControl "180+1"]
[Date "2022.11.22"]
[WhiteClock "0:00:57"]
[BlackClock "0:01:19"]

1. e4 e5 2. Nf3 Nc6 3. Bc4 Bc5 4. c3 Nf6 5. d4 exd4 6. e5 d5 7. Bb5 Ne4 8. cxd4 Bb6 9. Nc3 O-O 10. O-O Ne7 11. h3 c6 12. Bd3 f5 13. exf6 Nxf6 14. Re1 Nf5 15. Bc2 Qd6 16. a4 Bd7 17. a5 Bc7 18. b3 Nh4 19. Ne5 Bxh3 20. Ba3 Qe6 21. Bxf8 Bxg2 22. Ng4 Qxg4 23. Qxg4 Nxg4 24. Be7 Bh2# 0-1


[Site "https://www.chess.com"]

[Event "Titled Tuesday Blitz November 22 Early 2022"]
[White "Przybylski, Wojciech"]
[Black "Agasarov, Benik"]
[WhiteFideId "1117599"]
[BlackFideId "13314823"]
[WhiteElo "2221"]
[BlackElo "2178"]
[Result "1-0"]
[Round "07"]
[TimeControl "180+1"]
[Date "2022.11.23"]
[WhiteClock "0:00:19"]
[BlackClock "0:00:03"]

1. e4 c5 2. Nf3 Nc6 3. d4 cxd4 4. Nxd4 Nf6 5. Nc3 e5 6. Ndb5 d6 7. Bg5 a6 8. Na3 b5 9. Nd5 Be7 10. Bxf6 Bxf6 11. c3 Bg5 12. Nc2 Rb8 13. h4 Bxh4 14. a4 Bg5 15. axb5 axb5 16. g3 Ne7 17. Ncb4 Bd7 18. Ra7 Nxd5 19. Nxd5 O-O 20. Qh5 h6 21. f4 Be7 22. Bh3 f5 23. Bxf5 Rxf5 24. Nxe7+ Qxe7 25. Qxf5 Bxf5 26. Rxe7 Bxe4 27. O-O b4 28. c4 Bd3 29. Rc1 exf4 30. gxf4 Rf8 31. Re3 Bg6 32. Rf1 Bf7 33. b3 d5 34. c5 d4 35. Rd3 Rc8 36. Rc1 Rd8 37. c6 Be6 38. c7 Rc8 39. Rxd4 Kf7 40. Rxb4 Ke7 41. Rb8 Kd7 42. Rxc8 Kxc8 43. b4 h5 44. Kf2 h4 45. b5 Kb7 46. b6 g6 47. Kf3 h3 48. Kg3 Bf5 49. Rc5 Be6 50. Rc2 Bf5 51. Rb2 Be6 52. Kh4 Bf5 53. Kg5 h2 54. Rxh2 Kxb6 55. Rh7 Kb7 56. Kf6 Kc8 57. Ke5 Kb7 58. Kd6 Bg4 59. Rh8 Bf5 60. Rb8+ Ka7 61. c8=Q Be4 62. Qc7+ Ka6 63. Qb6# 1-0


[Site "https://www.chess.com"]

[Event "Titled Tuesday Blitz November 22 Early 2022"]
[White "Ravot, Sylvain"]
[Black "Arbunic Castro, Giovanna"]
[WhiteFideId "627763"]
[BlackFideId "3400549"]
[WhiteElo "2195"]
[BlackElo "1959"]
[Result "0-1"]
[Round "07"]
[TimeControl "180+1"]
[Date "2022.11.23"]
[WhiteClock "0:00:01"]
[BlackClock "0:00:49"]

1. e4 g6 2. d4 Bg7 3. Nf3 c5 4. Nc3 Qa5 5. dxc5 Nf6 6. Bd3 Qxc5 7. O-O O-O 8. Nb5 Nxe4 9. Be3 Qc6 10. Nxa7 Qa4 11. Nxc8 Rxc8 12. b3 Qb4 13. a3 Nc3 14. Qe1 Qd6 15. Nd2 Na6 16. Nc4 Qc6 17. Nb6 Nd5 0-1


[Site "https://www.chess.com"]

[Event "Titled Tuesday Blitz November 22 Early 2022"]
[White "Rios Escobar, Adan"]
[Black "Kovacevic, Radmila"]
[WhiteFideId "3403645"]
[BlackFideId "933171"]
[WhiteElo "2352"]
[BlackElo "2208"]
[Result "1-0"]
[Round "07"]
[TimeControl "180+1"]
[Date "2022.11.23"]
[WhiteClock "0:00:11"]
[BlackClock "0:00:40"]

1. d4 e5 2. dxe5 Nc6 3. Nf3 Qe7 4. Bg5 Qb4+ 5. Nc3 Qxb2 6. Bd2 Bb4 7. Rb1 Qxc3 8. Bxc3 Bxc3+ 9. Nd2 Bxe5 10. e3 Nf6 11. Bc4 d5 12. Bb5 O-O 13. O-O Ne7 14. Nf3 Bc3 15. Bd3 h6 16. h3 Rd8 17. Rb3 Ba5 18. Qb1 Bb6 19. c4 c6 20. Rd1 Be6 21. c5 Bxc5 22. Rxb7 Bd6 23. Nd4 Bc8 24. Rxe7 Bxe7 25. Nxc6 Rd7 26. Bf5 Rb7 27. Nxe7+ Rxe7 28. Bxc8 Rxc8 29. Qb4 Rec7 30. Qa3 Rd8 31. Rd4 Kh7 32. Qa5 Rc1+ 33. Kh2 Rd7 34. Qd2 Rcc7 35. Qd3+ g6 36. Rf4 Nh5 37. Rf3 f5 38. g4 Ng7 39. a4 h5 40. Rf4 Kh6 41. gxf5 gxf5 42. Rxf5 Nxf5 43. Qxf5 Rb7 44. Qe6+ Kh7 45. h4 Rf7 46. f4 Rbd7 47. Qe5 Kg8 48. Qg5+ Rg7 49. Qxh5 Rh7 50. Qe8+ Kg7 51. Qxd7+ Kg6 52. Qxd5 Rxh4+ 53. Kg3 Rh5 54. Qd6+ Kg7 55. Qc7+ Kf6 56. Qxa7 Rd5 57. Qb6+ Ke7 58. Qb7+ Rd7 59. Qxd7+ Kxd7 60. f5 Kc6 61. a5 Kd6 62. f6 Kc5 63. a6 Kb5 64. f7 Kb6 65. f8=Q Ka7 66. e4 Kb6 67. e5 Ka7 68. e6 Kb6 69. Qa8 Kc7 70. a7 Kd6 71. e7 Kc7 72. e8=Q Kb6 73. Qab8+ Kc5 74. Qbb5+ Kd4 75. Qed7+ Kc3 76. Qbd3+ Kb2 77. Q7b5+ Kc1 78. Qbb1# 1-0


[Site "https://www.chess.com"]

[Event "Titled Tuesday Blitz November 22 Early 2022"]
[White "Roque Sola, Gisela"]
[Black "Zaichenko, Daria"]
[WhiteFideId "5120241"]
[BlackFideId "4197453"]
[WhiteElo "1961"]
[BlackElo "2039"]
[Result "0-1"]
[Round "07"]
[TimeControl "180+1"]
[Date "2022.11.23"]
[WhiteClock "0:00:05"]
[BlackClock "0:01:13"]

1. c4 e6 2. Nf3 d5 3. b3 Be7 4. Bb2 Nf6 5. g3 O-O 6. Bg2 c5 7. e3 Nc6 8. O-O d4 9. Na3 e5 10. d3 h6 11. Re1 Be6 12. Nc2 a6 13. a3 Rc8 14. exd4 exd4 15. Ne5 Nxe5 16. Rxe5 Bd6 17. Re2 Qd7 18. Qd2 Bg4 19. Ree1 Rfe8 20. Rxe8+ Rxe8 21. Re1 Rxe1+ 22. Nxe1 Bh3 23. Nf3 Bxg2 24. Kxg2 Qc6 25. Qe2 g5 26. Kg1 Kg7 27. Bc1 b5 28. h4 g4 29. Nh2 Qd7 30. h5 Qf5 31. cxb5 axb5 32. a4 bxa4 33. bxa4 Qxh5 34. a5 c4 35. dxc4 Qxa5 36. Nxg4 Qh5 37. f3 Nxg4 38. fxg4 Qc5 39. Kg2 Qc6+ 40. Kh3 Qh1+ 41. Qh2 Qxc1 0-1


[Site "https://www.chess.com"]

[Event "Titled Tuesday Blitz November 22 Early 2022"]
[White "Rottenwohrer Suarez, Juan"]
[Black "Prithu Gupta"]
[WhiteFideId "32068182"]
[BlackFideId "46618546"]
[WhiteElo "2195"]
[BlackElo "2344"]
[Result "1-0"]
[Round "07"]
[TimeControl "180+1"]
[Date "2022.11.23"]
[WhiteClock "0:00:44"]
[BlackClock "0:01:05"]

1. e4 d5 2. exd5 Qxd5 3. Nf3 c5 4. Nc3 Qd8 5. Bc4 Nc6 6. O-O e6 7. Re1 Nf6 8. d3 Be7 9. Bf4 O-O 10. h3 a6 11. a4 Nd5 12. Bg3 Nxc3 13. bxc3 b6 14. Rb1 Bb7 15. Qe2 Na5 16. Ba2 c4 17. Ne5 cxd3 18. cxd3 Rc8 19. Nxf7 Rxf7 20. Qxe6 1-0


[Site "https://www.chess.com"]

[Event "Titled Tuesday Blitz November 22 Early 2022"]
[White "Spalir, Monika"]
[Black "Stefanova, Antoaneta"]
[WhiteFideId "14609118"]
[BlackFideId "2902257"]
[WhiteElo "2032"]
[BlackElo "2426"]
[Result "0-1"]
[Round "07"]
[TimeControl "180+1"]
[Date "2022.11.23"]
[WhiteClock "0:00:02"]
[BlackClock "0:00:31"]

1. d4 g6 2. Nf3 Bg7 3. Bf4 c5 4. e3 b6 5. Be2 Bb7 6. h3 Nf6 7. O-O O-O 8. c4 d5 9. dxc5 bxc5 10. Nc3 e6 11. cxd5 exd5 12. Rc1 Nbd7 13. Na4 Qa5 14. b4 cxb4 15. Bc7 Nb6 16. Nc5 Bc8 17. Nd4 Ne4 18. Nxe4 dxe4 19. Nb5 Be6 20. Nd6 Qxa2 21. Bb5 b3 22. Bc6 b2 23. Rb1 Rac8 24. Nxc8 Rxc8 25. Bxb6 axb6 26. Bxe4 Bc4 27. Re1 Bc3 28. f3 Bxe1 29. Qxe1 Qa3 30. Kh2 Ba2 0-1


[Site "https://www.chess.com"]

[Event "Titled Tuesday Blitz November 22 Early 2022"]
[White "Sadhwani, Raunak"]
[Black "Le Goff, Damien"]
[WhiteFideId "35093487"]
[BlackFideId "634808"]
[WhiteElo "2656"]
[BlackElo "2409"]
[Result "1-0"]
[Round "07"]
[TimeControl "180+1"]
[Date "2022.11.23"]
[WhiteClock "0:02:14"]
[BlackClock "0:01:05"]

1. e4 c5 2. Nc3 d6 3. d4 cxd4 4. Qxd4 Nc6 5. Qd2 g6 6. b3 Bh6 7. f4 Nf6 8. Bb2 O-O 9. O-O-O e5 10. g3 Bg4 11. Be2 Re8 12. Bxg4 Nxg4 13. Nf3 Rc8 14. Kb1 a6 15. Rhf1 b5 16. Nd5 Bg7 17. f5 gxf5 18. Nh4 fxe4 19. Nf5 e3 20. Qe2 Nh6 21. Nxh6+ Bxh6 22. Nf6+ Kf8 23. Qh5 Bg7 24. Nxh7+ Kg8 25. Qxf7+ Kxh7 26. Rf5 1-0


[Site "https://www.chess.com"]

[Event "Titled Tuesday Blitz November 22 Early 2022"]
[White "Salinas Herrera, Pablo"]
[Black "Jarmula, Lukasz"]
[WhiteFideId "3407128"]
[BlackFideId "1160664"]
[WhiteElo "2557"]
[BlackElo "2357"]
[Result "1-0"]
[Round "07"]
[TimeControl "180+1"]
[Date "2022.11.22"]
[WhiteClock "0:00:05"]
[BlackClock "0:00:31"]

1. e4 e6 2. d4 d5 3. exd5 exd5 4. Bd3 Bd6 5. Nf3 Nf6 6. Qe2+ Be6 7. Ng5 Qe7 8. Nxe6 fxe6 9. O-O Nc6 10. c3 e5 11. dxe5 Nxe5 12. Nd2 Nxd3 13. Qxd3 O-O 14. Nf3 c6 15. Re1 Qc7 16. c4 h6 17. Be3 dxc4 18. Qxc4+ Qf7 19. Qc2 Qh5 20. h3 Nd5 21. Nd4 Qe5 22. g3 Nxe3 23. Qb3+ Kh8 24. Qxe3 Qxe3 25. Rxe3 Bc5 26. Rd3 Rad8 27. Rad1 Rd5 28. Ne6 Bxf2+ 29. Kg2 Rxd3 30. Rxd3 Rf6 31. Rd8+ Kh7 32. Nf8+ Rxf8 33. Rxf8 Bd4 34. b3 Kg6 35. Kf3 Bf6 36. Rb8 b6 37. Ra8 a5 38. Rc8 Kf5 39. Rxc6 Bd4 40. Rc7 g6 41. Rc6 Bc5 42. g4+ 1-0


[Site "https://www.chess.com"]